 Dungeon Crawl Stone Soup version 0.31-a0-851-g7ff8af7976 (webtiles) character file.

Game seed: 16126156588821326304

2466 porpoise the Wallflower (level 9, -1/61 HPs)
             Began as a Demonspawn Enchanter on Oct 6, 2023.
             Was a Believer of Uskayaw.
             Slain by an orc priest
             ... wielding a +0 flail
              (8 damage)
             ... on level 7 of the Dungeon.
             The game lasted 00:21:08 (5512 turns).

porpoise the Wallflower (Demonspawn Enchanter)      Turns: 5512, Time: 00:21:09

Health: -1/61      AC:  6    Str: 13    XL:     9   Next: 26%
Magic:  16/16      EV: 12    Int: 24    God:    Uskayaw [**....]
Gold:   112        SH:  0    Dex: 15    Spells: 9/17 levels left

rFire   . . .        b - +1 short sword (drain)
rCold   . . .        (no shield)
rNeg    . . .        f - +0 robe
rPois   .            (no helmet)
rElec   .            (no cloak)
rCorr   .            y - +1 pair of gloves {Str+3}
SInv    .            (no boots)
Will    .....        q - amulet of regeneration
Stlth   ++           z - +6 ring of intelligence
HPRegen 1.10/turn    s - ring of wizardry
MPRegen 0.15/turn

%: wizardry (x1)
@: invisible
A: yellow scales 1, ignite blood 2, spiny 1
a: Renounce Religion, Stomp, Line Pass


You were on level 7 of the Dungeon.
You worshipped Uskayaw.
Uskayaw was noncommittal.
You visited 1 branch of the dungeon, and saw 7 of its levels.

You collected 269 gold pieces.
You spent 157 gold pieces at shops.

Inventory:

Hand Weapons
 a - a +3 dagger of venom
 b - a +1 short sword of draining (weapon)
Missiles
 h - 3 atropa-tipped darts
 o - 11 poisoned darts
 t - 3 boomerangs
Armour
 f - a +0 robe (worn)
 y - a +1 pair of gloves of strength (worn)
Jewellery
 i - an amulet of guardian spirit
 q - an amulet of regeneration (around neck)
 s - a ring of wizardry (right hand)
 z - a +6 ring of intelligence (left hand)
Wands
 A - a wand of mindburst (10)
Scrolls
 g - a scroll of brand weapon {unknown}
 k - 3 scrolls of amnesia
 l - a scroll of noise {unknown}
 m - a scroll of butterflies {unknown}
 p - 3 scrolls of teleportation
 r - a scroll of blinking {unknown}
 x - a scroll of poison {unknown}
Potions
 c - a potion of invisibility
 d - 2 potions of berserk rage {unknown}
 e - 3 potions of curing
 j - 2 potions of brilliance
 n - 3 potions of haste
 u - a potion of resistance {unknown}
 v - a potion of might {unknown}
 w - a potion of heal wounds {unknown}


   Skills:
 + Level 1.9 Fighting
 + Level 6.1 Short Blades
 - Level 1.7 Dodging
 - Level 2.6 Stealth
 + Level 4.8 Spellcasting
 - Level 7.0 Hexes
 - Level 3.0 Ice Magic
 - Level 7.0 Invocations


You had 9 spell levels left.
You knew the following spells:

 Your Spells              Type           Power      Damage    Failure   Level
a - Confusing Touch       Hex            39%        N/A       1%          3
e - Ensorcelled Hibernat  Hex/Ice        58%        N/A       1%          2
t - Tukima's Dance        Hex            39%        N/A       1%          3

Your spell library contained the following spells:

 Spells                   Type           Power      Damage    Failure   Level
 Dazzling Flash           Conj/Hex       44%        N/A       2%          3
 Shock                    Conj/Air       20%        1d4       3%          1
 Sting                    Tmut/Pois      20%        1d4       3%          1
 Lesser Beckoning         Tloc           10%        N/A       6%          2
 Poisonous Vapours        Pois/Air       10%        N/A       6%          2
 Static Discharge         Conj/Air       10%        2-3/arc   6%          2
 Gell's Gravitas          Tloc           5%         N/A       11%         3
 Mephitic Cloud           Conj/Pois/Air  5%         N/A       11%         3
 Swiftness                Air            5%         N/A       11%         3
 Teleport Other           Tloc           5%         N/A       11%         3
 Airstrike                Air            2%         2d(1-17)  32%         4
 Olgreb's Toxic Radiance  Pois           5%         N/A       32%         4
 Summon Lightning Spire   Summ/Air       5%         N/A       32%         4
 Freezing Cloud           Conj/Ice/Air   5%         6-21      52%         5
 Dispersal                Tloc           2%         N/A       99%         6


Dungeon Overview and Level Annotations

Branches:
Dungeon (7/15)
 Temple: D:4-7

Altars:
Qazlal
Uskayaw
Vehumet
Xom

Shops:
D:3 [


Innate Abilities, Weirdness & Mutations

You are partially covered in yellow scales. (AC +2)
Your demonic aura often causes spilled blood to erupt in flames.
You are partially covered in sharp spines.


Message History

The killer bee is heavily wounded.
The orc priest shouts!
You hear a shout!
The killer bee closely misses you.
The orc priest invokes the aid of Beogh against you.
Beogh smites you!
You miss the killer bee.
The killer bee is heavily wounded.
The killer bee is struck by your spines.
You kill the killer bee!
You can now pass through a line of other dancers.
You closely miss the orc. The orc hits you with a +0 club.
You hit the orc. You drain the orc.
The orc is severely wounded.
The orc barely misses you.
You hit the orc.
You kill the orc!
The orc priest mumbles some strange prayers to Beogh against you.
Beogh smites you!
You are too injured to fight recklessly!
The orc priest invokes the aid of Beogh against you.
Beogh smites you!
* * * LOW HITPOINT WARNING * * *
Things that are here:
a +0 club; a killer bee corpse; a killer bee corpse The orc priest mumbles some strange prayers to Beogh against you.
Beogh smites you!
* * * LOW HITPOINT WARNING * * *
You fade into invisibility!
The orc priest mumbles some strange prayers to Beogh against you.
You struggle to resist.
An orc comes into view. It is wielding a +0 mace.
The orc priest is struck by your spines.
The orc priest closely misses you.
The orc moves out of view.
You completely miss the orc priest.
The orc priest is lightly wounded.
You hit the orc priest.
The orc priest is moderately wounded.
The orc priest is struck by your spines.
The orc priest hits you with a +0 flail!
You die...

#.. .## #. #...#..#
..# #...#...###
##...# #...#.....#
#.....#
#....###...###o..#
#>..#...#....@..#
#...#...###)..###
#...#...#.)#.#..#
#....###...#.#...##
#)...#.....#.#.....
#)###...###...###...
#).....#...#.#...#..
#....###...#.# .###
#...#..#..$ .#


You could see an orc priest (unable to see you).

Vanquished Creatures
  Pikel (D:6)
  3 water moccasins
  2 black bears
  An ice beast (D:6)
  2 ogres
  A centaur (D:6)
  2 bullfrogs (D:6)
  3 scorpions
  6 killer bees (D:7)
  A howler monkey (D:5)
  2 sleepcaps
  A gnoll bouda (D:6)
  A hound (D:6)
  A jelly (D:5)
  An iguana (D:5)
  6 orc wizards
  6 gnolls
  8 adders
  2 shadow imps
  A white imp (D:5)
  An ufetubus (D:5)
  4 worms
  3 dart slugs
  21 orcs
  2 ball pythons (D:2)
  4 endoplasms
  A giant cockroach (D:2)
  5 goblins
  6 hobgoblins
  A quokka (D:3)
  6 bats
  4 frilled lizards
  8 kobolds
  8 rats
125 creatures vanquished.

Notes
Turn   | Place    | Note
-------+----------+-------------------------------------------
     0 | D:1      | porpoise the Demonspawn Enchanter began the quest for the
                  | Orb.
     0 | D:1      | Reached XP level 1. HP: 13/13 MP: 3/3
   110 | D:1      | Reached skill level 1 in Short Blades
   363 | D:1      | Gained mutation: You are partially covered in sharp spines.
                  | [demonic ancestry]
   363 | D:1      | Reached XP level 2. HP: 19/19 MP: 5/5
   848 | D:2      | Learned a level 2 spell: Ensorcelled Hibernation
   913 | D:2      | Reached XP level 3. HP: 18/24 MP: 6/6
   942 | D:2      | Learned a level 3 spell: Confusing Touch
  1093 | D:2      | You fall into a shaft and drop 2 floors!
  1470 | D:2      | Reached skill level 1 in Ice Magic
  1470 | D:2      | Reached XP level 4. HP: 14/30 MP: 7/7
  1565 | D:2      | Found a hide-covered altar of Uskayaw.
  1572 | D:2      | Became a worshipper of Uskayaw the Reveller
  1667 | D:2      | Reached * piety under Uskayaw
  1811 | D:2      | Reached ** piety under Uskayaw
  1997 | D:2      | Reached skill level 1 in Invocations
  2209 | D:3      | Found a radiant altar of Vehumet.
  2213 | D:3      | Found a stormy altar of Qazlal.
  2248 | D:3      | Reached XP level 5. HP: 20/35 MP: 1/8
  2259 | D:3      | Reached *** piety under Uskayaw
  2356 | D:3      | Found a faded altar of an unknown god.
  2441 | D:3      | Found Zyef's Antique Armour Shoppe.
  2866 | D:3      | Learned a level 3 spell: Tukima's Dance
  3170 | D:4      | Gained mutation: Your demonic aura sometimes causes spilled
                  | blood to erupt in flames. [demonic ancestry]
  3170 | D:4      | Reached XP level 6. HP: 36/41 MP: 3/9
  3322 | D:5      | Entered Level 5 of the Dungeon
  3758 | D:3      | Bought a pair of glowing gloves for 157 gold pieces
  3942 | D:5      | Reached skill level 5 in Hexes
  3942 | D:5      | Gained mutation: You are partially covered in yellow
                  | scales. (AC +2) [demonic ancestry]
  3942 | D:5      | Reached XP level 7. HP: 38/46 MP: 7/10
  4037 | D:5      | Reached **** piety under Uskayaw
  4552 | D:6      | Reached skill level 5 in Invocations
  4665 | D:6      | Reached XP level 8. HP: 42/52 MP: 10/12
  4737 | D:6      | Reached skill level 5 in Short Blades
  4886 | D:6      | Found a shimmering altar of Xom.
  4886 | D:6      | Found a shimmering altar of Xom.
  4887 | D:6      | Found a shimmering altar of Xom.
  4893 | D:6      | Found a shimmering altar of Xom.
  4893 | D:6      | Found a shimmering altar of Xom.
  4893 | D:6      | Found a shimmering altar of Xom.
  4893 | D:6      | Found a shimmering altar of Xom.
  4893 | D:6      | Found a shimmering altar of Xom.
  4927 | D:6      | Noticed Pikel
  4938 | D:6      | Killed Pikel
  4939 | D:6      | Gained mutation: Your demonic aura often causes spilled
                  | blood to erupt in flames. [demonic ancestry]
  4939 | D:6      | Reached XP level 9. HP: 37/57 MP: 13/15
  5465 | D:7      | Reached skill level 1 in Fighting
  5471 | D:7      | Reached ***** piety under Uskayaw
  5508 | D:7      | HP: 3/61 [orc priest/divine providence (14)]
  5512 | D:7      | Slain by an orc priest

Illustrated notes

Levels and vault maps discovered:
D:1:      dpeg_arrival_solitude, layout_loops_ring
D:2:      layout_loops_ring, basic_altar, st_stairs_3, minmay_distorted
D:3:      layout_loops_cross, grunt_temple_overflow_diamond, serial_shops, shop,
          hellmonk_ecumenical_altar_arch_garden
D:4:      layout_rooms, minmay_misc_feat_iff
D:5:      layout_basic, serial_bayou_lake_a
D:6:      layout_rooms, xom_redecorated, uniq_pikel
D:7:      layout_gridville, cheibriados_altar_1, minmay_temple_entry_large_hall,
          serial_demonic, serial_demonic_g, serial_demonic_f, serial_demonic_f,
          serial_demonic_g, serial_demonic_c, serial_demonic_f, nicolae_titane

Skill      XL: |  1  2  3  4  5  6  7  8  9 |
---------------+----------------------------+-----
Short Blades   | 1 2 3 4 5 6 |  6.1
Ice Magic      | 1 2 3 |  3.0
Invocations    | 1 2 3 5 7 |  7.0
Hexes          | 4 5 7 |  7.0
Spellcasting   | 4 |  4.8
Fighting       | 1 |  1.9
Dodging        | |  1.7
Stealth        | |  2.6

Action                     |  1- 3 |  4- 6 |  7- 9 || total
---------------------------+-------+-------+-------++-------
  Melee: Dagger            |    30 |    13 |       ||    43
         Short sword       |    62 |   109 |   149 ||   320
         Punch             |     1 |       |     1 ||     2
   Cast: Ensorcelled Hiber |     5 |    15 |     6 ||    26
    Use: Scroll            |     4 |     2 |       ||     6
         Potion            |       |     1 |     1 ||     2
   Stab: Sleeping          |     8 |    10 |     5 ||    23
         Paralysed         |       |     1 |    13 ||    14
 Armour: Robe              |    31 |    58 |    95 ||   184
  Dodge: Dodged            |    31 |    52 |    77 ||   160

Table legend: (Time is in decaauts)
 A = Elapsed time spent in this place.
 B = Non-inter-level travel time spent in this place.
 C = Inter-level travel time spent in this place.
 D = Time resting spent in this place.
 E = Time spent auto-exploring this place.
 F = Levels seen in this place.
 G = Mean time per level.
                   A        B        C        D        E       F      G
               +--------+--------+--------+--------+--------+-----+--------+
         Total |   5483 |   5133 |    350 |   1445 |   2653 |   7 |  783.3 |
       Dungeon |   5483 |   5133 |    350 |   1445 |   2653 |   7 |  783.3 |
               +--------+--------+--------+--------+--------+-----+--------+

Top non-repeatable levels by time:
     D:5: 1173 daAuts
     D:2: 925 daAuts
     D:3: 857 daAuts
     D:6: 851 daAuts
     D:1: 829 daAuts
     D:4: 755 daAuts
     D:7: 90 daAuts
